AoeStats
← king_espo

MegaRandom

510640010Analyzed
3v3 RM · 1d ago on Oct 1, 2026· 49m 58s· 6 players
Game mode
Random Map
Map size
Normal (6 player)
Population
200
Speed
Normal
Resources
Standard
Victory
Conquest
Starting age
Dark Age
Ending age
Imperial Age
RankedLock teamsTeams togetherTeam positionsShared explorationLock speedFull tech treeHidden civsTurbo modeCheats
Victory
Defeat
🇺🇸 Ethiopians · United States
1278
+18
🇺🇸 Saxons · United States
1229
+20
🇺🇸 Cumans · United States
1214
+20
🇬🇧 Britons · United Kingdom
1335
-21
🇬🇧 Tatars · United Kingdom
1308
-19
🇦🇺 Franks · Australia
1283
-18
Turtletamer11
10:07 Loom
12:56 Feudal Age
14:21 Horse Collar
17:22 Castle Age
15:25 Double-Bit Axe
18:09 Caravan
19:10 Bow Saw
24:41 Wheelbarrow
25:15 Scale Mail Armor
27:42 Chain Mail Armor
27:47 Forging
28:53 Hand Cart
29:13 Fletching
30:00 Bodkin Arrow
30:33 Ballistics
31:36 Iron Casting
31:55 Coinage
32:30 Fortified Wall
32:31 Masonry
32:05 Treadmill Crane
36:03 Imperial Age
34:50 Padded Archer Armor
36:13 Elite Hearth Troop
37:44 Plate Mail Armor
37:34 Shield Wall
38:35 Squires
38:22 Arson
39:12 Gambesons
39:15 Elite Varangian Guard
40:36 Capped Ram
42:29 Siege Ram
44:17 Siege Engineers
44:43 Architecture
45:14 Chemistry
Yoking
5:48 Loom
10:57 Feudal Age
11:28 Double-Bit Axe
12:00 Fishing Lines
13:23 Town Watch
16:56 Castle Age
16:25 Padded Archer Armor
16:18 Fletching
17:04 Crossbowman
17:45 Bodkin Arrow
18:16 Padded Archer Armor
20:18 Bow Saw
23:24 Thumb Ring
28:14 Wheelbarrow
28:24 Gillnets
30:36 Ballistics
34:30 Imperial Age
32:29 Caravan
35:17 Bracer
36:20 Chemistry
35:48 Conscription
36:10 Leather Archer Armor
35:24 Arbalester
38:32 Torsion Engines
38:43 Siege Engineers
40:39 Two-Man Saw
39:35 Heavy Scorpion
king_espo
6:40 Loom
9:02 Feudal Age
9:38 Double-Bit Axe
13:36 Horse Collar
14:56 Wheelbarrow
20:18 Castle Age
19:35 Forging
19:30 Scale Barding Armor
20:53 Bloodlines
20:36 Gold Mining
22:47 Hand Cart
23:59 Bow Saw
23:53 Heavy Plow
25:29 Iron Casting
25:17 Chain Barding Armor
31:38 Imperial Age
32:17 Imperial Age
29:54 Fletching
30:43 Iron Casting
31:53 Fletching
32:45 Bodkin Arrow
33:13 Ballistics
32:33 Cavalier
34:16 Blast Furnace
33:58 Plate Barding Armor
34:14 Coinage
33:55 Guilds
35:17 Chemistry
35:29 Paladin
39:33 Caravan
40:03 Banking
44:23 Conscription
Masta Ali
6:02 Loom
8:40 Feudal Age
11:21 Double-Bit Axe
14:00 Fletching
15:24 Horse Collar
21:40 Castle Age
21:30 Padded Archer Armor
21:57 Crossbowman
22:34 Bodkin Arrow
22:55 Leather Archer Armor
23:23 Bow Saw
24:27 Ballistics
26:43 Wheelbarrow
31:23 Hand Cart
31:16 Pikeman
37:44 Imperial Age
36:44 Town Watch
38:30 Squires
38:31 Scale Mail Armor
39:07 Masonry
39:09 Fortified Wall
39:28 Gold Mining
39:40 Guard Tower
41:00 Architecture
41:52 Bracer
41:54 Arbalester
43:37 Chemistry
43:55 Yeomen
43:19 Halberdier
Glynfidditch
10:38 Feudal Age
16:04 Castle Age
14:47 Fletching
15:22 Double-Bit Axe
17:07 Bow Saw
17:05 Bodkin Arrow
17:39 Loom
19:15 Horse Collar
22:56 Ballistics
24:08 Fishing Lines
28:39 Heavy Plow
30:34 Wheelbarrow
32:40 Imperial Age
30:32 Padded Archer Armor
31:43 Medium Warships
31:48 Caravan
32:11 Leather Archer Armor
32:57 Husbandry
32:54 Gold Mining
33:26 Bloodlines
32:43 Heavy Cavalry Archer
33:29 Bracer
34:45 Silk Armor
35:49 Conscription
36:38 Ring Archer Armor
36:58 Timurid Siegecraft
37:21 Hand Cart
36:28 Elite Steppe Lancer
36:29 Light Cavalry
37:50 Gold Shaft Mining
38:31 Chemistry
38:01 Town Watch
39:35 Crop Rotation
40:26 Siege Engineers
39:55 Hussar
40:49 Scale Barding Armor
40:54 Forging
45:33 Chain Barding Armor
45:48 Iron Casting
47:20 Plate Barding Armor
49:28 Cavalier
49:31 Heavy Camel Rider
Farmer Tunn
11:36 Feudal Age
12:48 Double-Bit Axe
15:57 Castle Age
15:58 Loom
16:56 Wheelbarrow
18:05 Scale Barding Armor
18:14 Forging
18:11 Husbandry
22:34 Chain Barding Armor
23:59 Bow Saw
26:11 Gold Mining
27:50 Iron Casting
31:20 Stone Mining
36:31 Imperial Age
34:19 Hand Cart
33:50 Town Watch
36:40 Cavalier
37:57 Plate Barding Armor
39:12 Chemistry
38:20 Siege Engineers
38:23 Paladin
41:47 Blast Furnace
41:18 Paladin
Connection lost

Rejoining the realm…

Still unreachable

The connection could not be restored.

Session expired

The server has moved on; the page needs a fresh start.